 Dungeon Crawl Stone Soup version 0.24-a0-528-g98e85ec62a (webtiles) character file.

Game seed: 8846603837176666838

2260 Gynju the Destroyer (level 9, -5/52 HPs)
             Began as a Tengu Air Elementalist on Aug 6, 2019.
             Was a Follower of Vehumet.
             Slain by a killer bee (9 damage)
             ... on level 7 of the Dungeon.
             The game lasted 00:12:19 (7195 turns).

Gynju the Destroyer (Tengu Air Elementalist)        Turns: 7195, Time: 00:12:20

Health: -5/52      AC:  7    Str:  6 (9)  XL:     9   Next: 38%
Magic:  8/19       EV: 16    Int: 17 (19) God:    Vehumet [*.....]
Gold:   384        SH:  0    Dex: 12 (14) Spells: 20/21 levels left

rFire    + . .     SeeInvis .   u - staff of conjuration
rCold    + . .     Gourm    +   (no shield)
rNeg     . . .     Faith    .   e - +3 leather armour
rPois    +         Spirit   .   (helmet restricted)
rElec    +         Reflect  .   x - +0 cloak
rCorr    +         Harm     .   (no gloves)
MR       .....                  (boots unavailable)
Stlth    ++........             h - amulet of the gourmand
HPRegen  0.17/turn              (no ring)
MPRegen  0.16/turn              (no ring)

@: about to teleport, resistant, flying quickly and evasively, very slightly
contaminated, quick
A: beak, talons 3, able to fly
a: Stop Flying, Renounce Religion


You were on level 7 of the Dungeon.
You worshipped Vehumet.
Vehumet was aware of your devotion.
You were completely stuffed.

You visited 1 branch of the dungeon, and saw 8 of its levels.

You collected 384 gold pieces.

Inventory:

Hand Weapons
 l - a +1 short sword of flaming
Missiles
 d - 24 sling bullets
Armour
 a - a +0 robe
 e - a +3 leather armour (worn)
 x - a +0 cloak (worn)
Magical Staves
 u - an uncursed staff of conjuration (weapon)
Jewellery
 h - an amulet of the gourmand (around neck)
 E - a +2 ring of dexterity {unknown}
Wands
 y - a wand of random effects (13)
 D - a wand of polymorph (14)
 F - a wand of disintegration (20)
Scrolls
 b - a scroll of enchant armour {unknown}
 f - a scroll of immolation {unknown}
 j - 2 scrolls of magic mapping {unknown}
 m - a scroll of fog
 n - a scroll of teleportation
 o - 2 scrolls of fear
 p - 2 scrolls of remove curse
 r - a scroll of enchant weapon {unknown}
 s - 6 scrolls of identify
 w - a scroll of noise {unknown}
 A - a scroll of vulnerability {unknown}
 B - a scroll of silence {unknown}
Potions
 g - 3 potions of flight
 i - a potion of might
 k - a potion of curing
 q - 3 potions of lignification
 t - a potion of resistance
 z - a potion of heal wounds {unknown}
Comestibles
 c - 14 rations


   Skills:
 + Level 4.3 Fighting
 + Level 5.5 Dodging
 - Level 2.6 Stealth
 * Level 6.6 Spellcasting
 * Level 9.2 Conjurations
 - Level 5.1 Air Magic


You had 20 spell levels left.
You knew the following spells:

 Your Spells              Type           Power        Failure   Level  Hunger
a - Shock                 Conj/Air       ####         1%          1    None

Your spell library contained the following spells:

 Spells                   Type           Power        Failure   Level  Hunger
 Magic Dart               Conj           ####         1%          1    None
 Static Discharge         Conj/Air       #####...     3%          3    ##.....
 Swiftness                Chrm/Air       ##......     10%         2    None
 Airstrike                Air            ###.......   22%         4    ####...
 Lightning Bolt           Conj/Air       #####.....   26%         5    #####..


Dungeon Overview and Level Annotations

Branches:
Dungeon (8/15)             Temple (0/1) D:7
   Lair: D:8-11

Altars:
Cheibriados
Dithmenos
Elyvilon
Hepliaklqana
Kikubaaqudgha
Makhleb
Nemelex Xobeh
Qazlal
Sif Muna
Vehumet
Xom
Yredelemnul
Zin

Shops:
D:7 *:

Annotations:
D:5 Prince Ribbit


Innate Abilities, Weirdness & Mutations

You have a beak for a mouth.
You have claws for feet.
You can fly continuously.


Message History

Okay, then.
It was a potion of curing.
You feel better. The killer bee stings you.
* * * LOW HITPOINT WARNING * * *
The killer bee barely misses you.
The killer bee stings you but does no damage.
The killer bee barely misses you. x2; The killer bee stings you.
* * * LOW HITPOINT WARNING * * *
The killer bee misses you. The killer bee barely misses you.
It was a potion of resistance.
You feel protected. The killer bee stings you.
* * * LOW HITPOINT WARNING * * *
The killer bee barely misses you. x2; The killer bee misses you. x2
The killer bee stings you but does no damage.
The killer bee closely misses you. x2
It was a potion of degeneration.
There was something very wrong with that liquid.
You feel weakened.
You feel dopey.
You feel clumsy. The killer bee closely misses you. The killer bee stings you!
You die...

#.....# ######......
#...÷..#....
#......#....
###......#....
####..#....##....
#####.##.....###.....
#..yy..#...#..###....
#..y@#.....#...#.....
##.y##.##............
#..#.#####...........
#......###.#...####<.
##..#.........## ##.
##.#...#+#.### ##
###...'∩'.# #
##..#+### # ##...# #


You could see 4 killer bees.

Vanquished Creatures
  A two-headed ogre (D:7)
  A centaur zombie (D:8)
  A phantom (D:6)
  An orc warrior (D:7)
  An ice beast (D:8)
  An ogre (D:7)
  3 bullfrogs
  A wyvern zombie (D:6)
  4 hounds
  3 orc priests
  6 orc wizards
  2 iguanas
  2 worker ants
  A hound skeleton (D:6)
  A hound zombie (D:7)
  A howler monkey zombie (D:6)
  9 adders
  A shadow imp (D:6)
  2 oozes
  A dart slug (D:3)
  4 leopard geckos
  21 orcs
  A ball python (D:3)
  8 bats
  11 giant cockroaches
  A goblin (D:3)
  6 hobgoblins
  4 frilled lizards
  9 kobolds
  A leopard gecko skeleton (D:5)
  14 rats
123 creatures vanquished.

Notes
Turn   | Place    | Note
-------+----------+-------------------------------------------
     0 | D:1      | Gynju the Tengu Air Elementalist began the quest for the
                  | Orb.
     0 | D:1      | Reached XP level 1. HP: 10/10 MP: 4/4
   233 | D:1      | Reached XP level 2. HP: 11/15 MP: 1/6
   497 | D:1      | Reached skill level 2 in Conjurations
   695 | D:1      | Reached XP level 3. HP: 19/19 MP: 2/7
  1287 | D:2      | Found an ancient bone altar of Kikubaaqudgha.
  1582 | D:2      | Found a sparkling altar of Nemelex Xobeh.
  1941 | D:2      | Reached XP level 4. HP: 24/24 MP: 6/8
  2520 | D:3      | Reached skill level 3 in Conjurations
  2803 | D:3      | Reached skill level 5 in Air Magic
  2803 | D:3      | Gained mutation: You can fly continuously. [Tengu growth]
  2803 | D:3      | Reached XP level 5. HP: 16/28 MP: 0/10
  3076 | D:3      | Found a burning altar of Makhleb.
  3077 | D:3      | Found a deep blue altar of Sif Muna.
  3079 | D:3      | Found a shadowy altar of Dithmenos.
  3090 | D:3      | Found a glowing silver altar of Zin.
  3091 | D:3      | Found a stormy altar of Qazlal.
  3091 | D:3      | Found a basalt altar of Yredelemnul.
  3093 | D:3      | Found a radiant altar of Vehumet.
  3094 | D:3      | Found a snail-covered altar of Cheibriados.
  3097 | D:3      | Found a white marble altar of Elyvilon.
  3100 | D:3      | Became a worshipper of Vehumet
  3359 | D:3      | Found a faded altar of an unknown god.
  3400 | D:3      | Reached skill level 4 in Conjurations
  3928 | D:4      | Reached XP level 6. HP: 33/33 MP: 3/12
  4140 | D:5      | Entered Level 5 of the Dungeon
  4200 | D:5      | Found a radiant altar of Vehumet.
  4326 | D:5      | Found a shimmering altar of Xom.
  4350 | D:5      | Found a hazy altar of Hepliaklqana.
  4350 | D:5      | Noticed a caustic shrike
  4351 | D:5      | Noticed a caustic shrike
  4351 | D:5      | Noticed a spectral ugly thing
  4432 | D:5      | Noticed Prince Ribbit
  4798 | D:6      | Reached skill level 1 in Fighting
  4853 | D:6      | Noticed a phantom
  4869 | D:6      | Killed a phantom
  4869 | D:6      | Reached skill level 5 in Conjurations
  4953 | D:6      | Reached XP level 7. HP: 38/38 MP: 6/14
  4977 | D:6      | HP: 1/38 [something/magic dart (5)]
  5341 | D:6      | Reached * piety under Vehumet
  5341 | D:6      | Offered knowledge of Magic Dart by Vehumet.
  5459 | D:6      | Found a white marble altar of Elyvilon.
  5676 | D:6      | Reached skill level 6 in Conjurations
  6198 | D:6      | Reached XP level 8. HP: 43/45 MP: 10/16
  6385 | D:7      | Noticed a two-headed ogre
  6394 | D:7      | Killed a two-headed ogre
  6394 | D:7      | Reached skill level 5 in Dodging
  6394 | D:7      | Reached skill level 5 in Spellcasting
  6394 | D:7      | Reached skill level 8 in Conjurations
  6575 | D:7      | Reached XP level 9. HP: 52/52 MP: 7/19
  6655 | D:7      | Found Unoxerhotu's Book Boutique.
  6667 | D:7      | Found a staircase to the Ecumenical Temple.
  7000 | D:7      | Found Gaezeh's General Store.
  7066 | D:8      | Reached skill level 9 in Conjurations
  7188 | D:8      | Noticed a queen bee
  7195 | D:7      | Slain by a killer bee

Levels and vault maps discovered:
D:1:      dpeg_cavernosity, layout_basic
D:2:      layout_loops_ring, kiku_gazebo_garden_becter, first_ration,
          st_stairs_3, nemelex_dance_club_becter
D:3:      layout_rooms, minitemple, chequers_ecumenical_altar_grove
D:4:      layout_basic
D:5:      layout_rooms, regret_index_temple_of_mockery, basic_altar,
          kennysheep_generic_room_13, uniq_prince_ribbit1
D:6:      layout_basic, basic_altar, kennysheep_generic_room_2
D:7:      layout_cave_pools, minmay_temple_entry_ruins, serial_shops, shop,
          nicolae_shop_behind_doors
D:8:      layout_layer_cave, nemelex_xobeh_ov_fountains_minmay, enter_bailey_7,
          david_nohive_1, hex_medium, minmay_misc_feat_room, uniq_grum

Skill      XL: |  1  2  3  4  5  6  7  8  9 |
---------------+----------------------------+-----
Conjurations   | 2 3 4 5 6 8 9 |  9.2
Air Magic      | 5 |  5.1
Spellcasting   | 3 4 6 |  6.6
Dodging        | 3 4 5 |  5.5
Fighting       | 1 2 3 4 |  4.3
Stealth        | |  2.6

Action                   |  1- 3 |  4- 6 |  7- 9 || total
-------------------------+-------+-------+-------++-------
Melee: Unarmed           |    27 |       |       ||    27
       Kick              |     8 |     1 |     1 ||    10
       Peck              |     1 |       |     2 ||     3
       Short sword       |       |     5 |       ||     5
       Staff             |       |     1 |     8 ||     9
 Cast: Shock             |    71 |   159 |   151 ||   381
 Abil: Fly               |       |     1 |       ||     1
  Use: Scroll            |       |     7 |     1 ||     8
       Potion            |       |       |     3 ||     3
  Eat: Chunk             |     4 |    13 |    13 ||    30
Armor: Leather armour    |    14 |     6 |    29 ||    49
Dodge: Dodged            |    29 |    25 |    84 ||   138

Table legend:
 A = Non-vault XP
 B = Vault XP
 C = Vault XP percentage of total XP
 D = Non-vault monster count
 E = Vault monster count
 F = Vault count percentage of total count
                 A         B        C        D         E       F
            +---------+---------+-------+---------+---------+-------
      Total |    3174 |      55 |   1.7 |     113 |      10 |   8.1
            +---------+---------+-------+---------+---------+-------
        D:1 |      35 |       5 |  12.5 |      20 |       4 |  16.7
        D:2 |      32 |      13 |  28.9 |      14 |       5 |  26.3
        D:3 |     180 |       0 |   0.0 |      28 |       0 |   0.0
        D:4 |      90 |       0 |   0.0 |       7 |       0 |   0.0
        D:5 |      56 |       0 |   0.0 |       6 |       0 |   0.0
        D:6 |     858 |      37 |   4.1 |      25 |       1 |   3.8
        D:7 |    1280 |       0 |   0.0 |      10 |       0 |   0.0
        D:8 |     643 |       0 |   0.0 |       3 |       0 |   0.0
            +---------+---------+-------+---------+---------+-------
